Map: Berlingrad LE

Players

Ecrotoss - Winner!

  • Race: Protoss Protoss

CBagRun

  • Race: Zerg Zerg

VOD

Have the link to the VOD?

Description

Time

  • Played on: Dec. 13, 2021, 3:04 a.m.
  • Length: 28:22
Show
View Real Time Build Order
Export as new Build Order

Ecrotoss Protoss - Winner!

Build Orders:  

Get SALT Encoding   

  12  0:00  Probe  
  13  0:12  Probe  
  14  0:18  Assimilator  
  14  0:30  Pylon  
  14  0:40  Pylon  
  14  0:41  Probe  
  15  0:53  Probe  
  16  1:00  Forge  
  16  1:06  Gateway  
  16  1:14  Probe (Chrono Boost)  
  17  1:23  Assimilator  
  17  1:24  Probe (Chrono Boost)  
  18  1:40  Photon Cannon  
  18  1:46  Photon Cannon  
  18  2:02  Cybernetics Core  
  18  2:06  Probe (Chrono Boost)  
  19  2:10  Zealot (Chrono Boost)  
  21  2:37  Nexus  
  21  2:46  Stalker  
  23  2:52  Probe  
  24  3:04  Probe  
  25  3:06  Protoss Ground Weapons Level 1  
  25  3:08  Warp Gate  
  25  3:16  Probe  
  26  3:29  Shield Battery  
  26  3:31  Pylon  
  26  3:34  Pylon  
  26  3:36  Assimilator  
  26  3:39  Assimilator  
  27  3:48  Probe  
  27  3:55  Zealot  
  29  4:00  Probe  
  30  4:12  Probe  
  30  4:14  Pylon  
  30  4:16  Pylon  
  31  4:21  Pylon  
  31  4:24  Probe  
  32  4:37  Probe  
  33  4:49  Probe  
  34  4:53  Gateway  
  34  4:59  Twilight Council  
  34  5:02  Stargate  
  34  5:05  Stargate  
  34  5:08  Gateway  
  34  5:13  Photon Cannon  
  34  5:20  Probe  
  35  5:32  Probe  
  30  5:44  Probe  
  30  5:46  Pylon  
  31  5:53  Photon Cannon  
  31  5:56  Photon Cannon  
  31  6:00  Zealot x2  
  31  6:03  Charge (Chrono Boost), Zealot  
  37  6:31  Nexus  
  37  6:40  Pylon  
  37  6:46  Protoss Ground Armor Level 1  
  37  6:47  Zealot x2  
  41  7:03  Pylon  
  41  7:06  Pylon  
  41  7:11  Void Ray  
  45  7:27  Stalker  
  45  7:28  Stalker  
  49  7:40  Void Ray  
  53  7:55  Probe  
  48  8:07  Probe  
  41  8:15  Zealot x2  
  41  8:16  Sentry  
  41  8:19  Probe  
  48  8:29  Gateway  
  48  8:31  Probe  
  48  8:32  Gateway  
  49  8:34  Gateway  
  49  8:39  Gateway  
  49  8:43  Probe  
  50  9:06  Zealot x3  
  56  9:12  Forge  
  56  9:15  Forge  
  52  9:24  Protoss Ground Weapons Level 2 (Chrono Boost)  
  52  9:36  Zealot x2  
  52  9:37  Zealot x2  
  56  9:46  Probe  
  56  9:50  Pylon  
  57  9:53  Pylon  
  57  9:58  Probe  
  58  10:00  Protoss Ground Armor Level 2 (Chrono Boost)  
  58  10:11  Probe  
  58  10:12  Stalker x2  
  63  10:38  Templar Archives  
  63  10:51  Photon Cannon  
  63  10:54  Photon Cannon  
  63  11:17  High Templar x2  
  63  11:18  High Templar x2  
  69  11:19  High Templar x2  
  69  11:21  Zealot  
  77  11:25  Archon  
  77  11:26  Archon x2  
  49  12:00  Zealot x5  
  49  12:01  Zealot x2  
  61  12:12  Void Ray (Chrono Boost)  
  53  12:15  Void Ray (Chrono Boost)  
  60  12:31  High Templar x2  
  60  12:32  High Templar x2  
  60  12:35  High Templar x2  
  72  12:46  Void Ray (Chrono Boost)  
  72  12:50  Void Ray (Chrono Boost)  
  80  13:06  Archon  
  80  13:07  Archon  
  80  13:08  Archon  
  80  13:16  Void Ray  
  80  13:18  Robotics Facility  
  80  13:20  Void Ray  
  50  14:09  Stalker x2  
  54  14:10  Zealot  
  54  14:11  Zealot x4  
  54  14:15  Void Ray  
  54  14:16  Void Ray  
  72  14:33  Photon Cannon  
  72  14:35  Photon Cannon  
  72  14:43  Protoss Ground Weapons Level 3 (Chrono Boost)  
  72  15:02  Warp Prism (Chrono Boost)  
  74  15:41  Zealot x3  
  74  15:42  Zealot  
  82  15:43  High Templar x2  
  86  15:57  Archon  
  86  16:19  Nexus  
  58  17:34  Protoss Ground Armor Level 3  
  58  17:36  Nexus  
  58  17:45  Stalker x3  
  64  17:58  Zealot  
  66  18:24  Protoss Air Weapons Level 1  
  66  18:32  Zealot x5  
  76  18:48  Probe  
  73  18:51  Probe  
  70  19:00  Probe  
  70  19:01  Zealot  
  70  19:02  Zealot  
  73  19:03  Probe  
  74  19:10  Photon Cannon  
  74  19:12  Probe  
  74  19:15  Probe  
  76  19:21  Pylon  
  76  19:23  Void Ray  
  76  19:27  Probe  
  81  19:39  Probe  
  82  19:50  Zealot x2  
  82  19:51  Zealot  
  88  20:05  High Templar x2  
  92  20:10  Archon  
  92  20:20  Zealot x5  
  102  20:41  Protoss Shields Level 1  
  102  20:45  Void Ray x2  
  102  20:54  Protoss Air Armor Level 1  
  100  21:22  Void Ray  
  104  21:35  Assimilator x2  
  104  21:40  Assimilator x2  
  77  22:32  High Templar x2  
  77  22:34  Zealot x4  
  77  22:35  Zealot  
  91  22:39  Archon  
  91  22:52  Shield Battery  
  67  23:25  Probe  
  68  23:37  Probe  
  68  23:38  Zealot  
  71  23:47  Zealot x4  
  71  23:48  Zealot x2  
  83  23:49  Probe  
  83  23:53  Void Ray x2  
  92  24:19  Fleet Beacon  
  92  24:30  Zealot x4  
  92  24:31  Zealot x3  
  106  24:52  Zealot x2  
  108  24:53  Zealot x5  
  76  26:10  Zealot x2  
  76  26:11  Zealot x5  
  84  26:52  Zealot x2  
  84  26:53  Zealot x2  
  90  27:10  Zealot x3  
  98  27:18  Carrier  
  86  27:41  Zealot x2  
  86  27:42  Zealot x5  
Show
View Real Time Build Order
Export as new Build Order

CBagRun Zerg 

Build Orders: Pool First 

Get SALT Encoding   

  12  0:08  Drone x2  
  14  0:30  Spawning Pool  
  14  0:33  Drone  
  14  0:37  Overlord  
  14  1:19  Hatchery  
  14  1:20  Zergling x6  
  16  1:27  Extractor  
  15  1:33  Extractor  
  15  1:36  Drone  
  15  1:44  Queen  
  17  1:58  Drone  
  17  1:59  Drone  
  17  2:37  Drone  
  17  2:38  Drone x2  
  19  2:45  Drone  
  19  2:46  Drone  
  21  3:00  Evolution Chamber  
  21  3:02  Queen  
  21  3:05  Drone x2  
  24  3:18  Drone x4  
  28  3:24  Overlord  
  28  3:43  Drone x2  
  30  3:51  Lair  
  30  4:01  Roach Warren  
  29  4:06  Extractor  
  28  4:10  Extractor  
  28  4:11  Drone x3  
  28  4:12  Drone x3  
  28  4:15  Drone  
  28  4:16  Drone  
  35  4:35  Zergling x2  
  35  4:37  Overlord  
  36  4:44  Overlord  
  36  4:55  Overlord  
  36  4:56  Overlord  
  35  5:12  Zergling x10  
  38  5:18  Roach  
  38  5:19  Roach x5  
  42  5:35  Drone x2  
  39  5:49  Queen  
  40  5:53  Roach x3  
  46  5:58  Drone  
  46  5:59  Drone  
  48  6:05  Spire  
  48  6:06  Overlord  
  47  6:14  Drone  
  48  6:30  Drone x3  
  51  6:36  Overlord x2  
  51  6:41  Roach  
  53  6:47  Ravager  
  53  6:48  Ravager x2  
  53  6:49  Ravager  
  57  7:22  Drone x3, Infestation Pit  
  59  7:31  Roach x7  
  73  7:40  Corruptor  
  73  7:41  Corruptor x2  
  71  8:11  Ravager  
  72  8:13  Ravager  
  72  8:14  Ravager  
  74  8:37  Corruptor  
  74  8:39  Roach  
  74  8:40  Mutalisk, Zergling x2, Hatchery  
  80  8:47  Mutalisk x2  
  84  8:50  Hatchery  
  79  9:42  Corruptor x4  
  79  9:43  Corruptor x2  
  91  9:54  Drone  
  92  10:03  Mutalisk x3  
  92  10:05  Mutalisk  
  100  10:08  Roach  
  100  10:12  Drone  
  103  10:17  Overlord  
  103  10:48  Drone x3  
  106  10:50  Overlord x3  
  106  10:56  Corruptor x2  
  110  11:05  Drone  
  110  11:10  Drone  
  110  11:11  Drone x3  
  115  11:14  Overlord  
  115  11:18  Drone x3  
  118  11:22  Drone x2  
  95  12:12  Zergling x10  
  95  12:14  Zergling x20  
  95  12:15  Zergling x14  
  117  12:17  Roach  
  117  12:18  Roach x2  
  119  12:32  Mutalisk x3  
  119  12:35  Mutalisk x2  
  121  12:57  Roach x2  
  125  12:59  Mutalisk x3  
  125  13:01  Mutalisk  
  125  13:02  Mutalisk  
  61  14:10  Corruptor  
  61  14:11  Corruptor x2  
  61  14:13  Corruptor x3  
  61  14:15  Corruptor x2  
  61  14:16  Corruptor  
  77  14:20  Zerg Flyer Armor Level 1, Corruptor  
  77  14:21  Corruptor  
  81  14:35  Queen  
  83  14:51  Hive  
  83  15:12  Queen  
  85  15:23  Roach x6  
  85  15:25  Roach  
  85  15:26  Roach x5  
  109  16:07  Hatchery  
  108  16:13  Ravager x2  
  108  16:14  Zerg Flyer Weapons Level 1  
  64  17:19  Queen  
  64  17:20  Drone  
  67  17:39  Extractor  
  67  17:40  Ultralisk Cavern  
  67  17:44  Extractor  
  64  17:50  Extractor  
  63  17:53  Extractor  
  62  18:32  Extractor  
  61  18:39  Ultralisk  
  61  18:40  Ultralisk x2  
  77  18:42  Zergling x2  
  77  18:43  Zergling x12  
  77  18:44  Zergling x4  
  79  18:58  Queen  
  81  19:12  Extractor  
  80  19:28  Drone  
  81  19:36  Ultralisk  
  87  19:39  Zergling x4  
  89  19:47  Roach  
  89  19:48  Roach x2  
  89  19:50  Roach  
  89  19:51  Roach x11  
  119  19:54  Corruptor  
  121  20:17  Mutalisk  
  121  20:18  Mutalisk x2  
  121  20:19  Mutalisk  
  129  20:30  Corruptor  
  131  20:52  Corruptor x3  
  137  20:57  Hatchery  
  136  21:13  Corruptor  
  138  21:19  Corruptor x2  
  138  21:20  Corruptor  
  144  21:34  Ravager x3  
  147  22:26  Corruptor  
  147  22:27  Corruptor x5  
  147  22:29  Mutalisk  
  82  23:18  Corruptor x3  
  80  23:20  Corruptor  
  80  23:21  Corruptor x2  
  86  23:29  Corruptor x2  
  90  24:21  Drone x3  
  93  24:33  Ultralisk  
  93  24:34  Ultralisk  
  93  24:35  Ultralisk  
  93  24:36  Roach x3  
  93  24:37  Hatchery  
  116  24:41  Queen  
  116  24:43  Drone x3  
  73  26:00  Zergling x2  
  73  26:01  Zergling x14  
  73  26:03  Zergling x8  
  78  26:07  Zergling x2  
  78  26:08  Zergling x22  
  90  26:13  Roach x6  
  90  26:16  Ultralisk x3  
  118  26:22  Zergling x2  
  98  26:58  Mutalisk x3  
  96  27:05  Ultralisk x2  
  76  27:42  Roach  
  76  27:43  Roach x2  
Tags
 
Matchup
PvZ
Opening
Pool First
Replay Pack
re
Add a new tag
Caveats
  • Supply blocks, unpowered buildings, or Contaminate may cause inaccurate times.
  • Supply counts are checked every 10 seconds.